 Dungeon Crawl Stone Soup version 0.30-a0-335-ge5acde7520 (webtiles) character file.

Game seed: 5313876788107034384

104 jfcaron the Poker (level 4, -2/34 (38) HPs)
             Began as a Gnoll Reaver on Oct 30, 2022.
             Slain by Ijyb
             ... wielding a +0 club
              (3 damage)
             ... on level 3 of the Dungeon.
             The game lasted 00:05:25 (2385 turns).

jfcaron the Poker (Gnoll Reaver)                    Turns: 2385, Time: 00:05:25

HP:   -2/34 (38)    AC:  7    Str: 14    XL:     4   Next: 80%
MP:   11/11         EV: 10    Int: 12    God:
Gold: 135           SH:  0    Dex: 10    Spells: 10/13 levels left

rFire   . . .      SeeInvis .    a - +0 spear
rCold   . . .      Faith    .    (no shield)
rNeg    . . .      Spirit   .    l - +0 scale mail
rPois   .          Reflect  .    o - +0 helmet
rElec   .          Harm     .    (no cloak)
rCorr   .          Rampage  .    (no gloves)
Will    .....                    (no boots)
Stlth   ..........               (no amulet)
HPRegen 0.25/turn                (no ring)
MPRegen 0.12/turn                (no ring)

@: attractive, heavily drained, invisible
A: fangs 1, strong nose, distributed training
a: no special abilities


You were on level 3 of the Dungeon.
You visited 1 branch of the dungeon, and saw 3 of its levels.

You collected 135 gold pieces.

Inventory:

Hand Weapons
 a - a +0 spear (weapon)
 f - a +2 hand axe of venom
 i - a +0 rapier
Missiles
 c - 22 stones
 e - 7 poisoned darts
Armour
 b - a +0 leather armour
 l - a +0 scale mail (worn)
 o - a +0 helmet (worn)
Scrolls
 d - a scroll of teleportation {unknown}
 g - 3 scrolls of magic mapping {unknown}
 j - 2 scrolls of identify {unknown}
 k - a scroll of vulnerability {unknown}
 m - a scroll of brand weapon {unknown}
Potions
 h - a potion of attraction


   Skills:
 + Level 4.7 Fighting
 + Level 1.3 Short Blades
 + Level 1.3 Long Blades
 + Level 1.3 Axes
 + Level 1.3 Maces & Flails
 + Level 6.6 Polearms
 + Level 1.3 Staves
 + Level 1.3 Ranged Weapons
 + Level 1.3 Throwing
 + Level 1.3 Armour
 + Level 4.7 Dodging
 + Level 1.3 Stealth
 + Level 1.3 Shields
 + Level 1.3 Unarmed Combat
 + Level 5.1 Spellcasting
 + Level 5.5 Conjurations
 + Level 1.0 Hexes
 + Level 1.0 Summonings
 + Level 1.0 Necromancy
 + Level 1.0 Translocations
 + Level 1.0 Transmutations
 + Level 1.0 Fire Magic
 + Level 1.0 Ice Magic
 + Level 1.0 Air Magic
 + Level 1.0 Earth Magic
 + Level 1.0 Poison Magic
 + Level 1.4 Invocations
 + Level 1.3 Evocations


You had 10 spell levels left.
You knew the following spells:

 Your Spells              Type           Power      Damage    Failure   Level
a - Kiss of Death         Conj/Necr      44%        2d8       22%         1
b - Momentum Strike       Conj/Tloc      22%        3d8       32%         2

Your spell library contained the following spells:

 Spells                   Type           Power      Damage    Failure   Level
 Hailstorm                Conj/Ice       11%        3d5       54%         3
 Cigotuvi's Dreadful Rot  Necr/Pois/Air  10%        N/A       63%         2
 Poisonous Vapours        Pois/Air       10%        N/A       63%         2
 Mephitic Cloud           Conj/Pois/Air  9%         N/A       65%         3


Dungeon Overview and Level Annotations

Branches:
Dungeon (3/15)

Altars:
Zin

Annotations:
D:3 Ijyb


Innate Abilities, Weirdness & Mutations

You have very sharp teeth.
Your uncanny sense of smell can sniff out nearby items.
Your experience applies equally to all skills.


Message History

Ijyb hits you but does no damage.
You barely miss Ijyb.
Ijyb is moderately wounded.
Ijyb hits you but does no damage.
You hit Ijyb.
Ijyb is heavily wounded.
You hit Ijyb. Your bite misses Ijyb.
Ijyb is heavily wounded.
Ijyb barely misses you.
You hit Ijyb.
Ijyb is severely wounded.
Ijyb zaps a wand.
Your mind is blasted!
Okay, then.
You hit Ijyb but do no damage.
Ijyb is severely wounded.
Ijyb zaps a wand.
You barely resist. You barely miss Ijyb.
Ijyb is severely wounded.
Ijyb misses you.
You hit Ijyb but do no damage.
Ijyb is severely wounded.
You barely miss Ijyb.
Ijyb is severely wounded.
Ijyb zaps a wand.
Your mind is blasted!
Ouch! That really hurt!
* * * LOW HITPOINT WARNING * * *
You closely miss Ijyb. You bite Ijyb, but do no damage.
Ijyb is severely wounded.
Ijyb misses you.
It was a potion of attraction.
You feel attractive to monsters. Ijyb completely misses you.
It was a potion of invisibility.
You fade into invisibility!
Ijyb hits you with a +0 club.
* * * LOW HITPOINT WARNING * * *
You hit Ijyb.
Ijyb is severely wounded.
Ijyb hits you with a +0 club.
You die...

###..............
#............###
#............#
#............#
#............###+##
#.................#
#.................#
#.................#
#..@............†.##
#..g(...........†)'.
###.#########.....##
#.###############
................##
..................
#########.....#.##
#.###.#...
#.##......


You could see Ijyb (unable to see you).

Vanquished Creatures
  Robin (D:3)
  3 adders
  2 worms (D:2)
  5 orcs (D:3)
  8 ball pythons
  3 bats
  An endoplasm (D:1)
  A giant cockroach (D:2)
  12 goblins (D:3)
  9 hobgoblins
  2 quokkas (D:1)
  A frilled lizard (D:1)
  2 kobolds
  3 rats
53 creatures vanquished.

Notes
Turn   | Place    | Note
-------+----------+-------------------------------------------
     0 | D:1      | jfcaron the Gnoll Reaver began the quest for the Orb.
     0 | D:1      | Reached XP level 1. HP: 20/20 MP: 6/6
   286 | D:1      | Reached XP level 2. HP: 18/26 MP: 7/7
   289 | D:1      | Learned a level 2 spell: Momentum Strike
  1047 | D:2      | Reached skill level 5 in Spellcasting
  1047 | D:2      | Reached XP level 3. HP: 20/31 MP: 7/9
  1268 | D:2      | Reached skill level 1 in Invocations
  1345 | D:2      | Reached skill level 1 in Short Blades
  1345 | D:2      | Reached skill level 1 in Long Blades
  1345 | D:2      | Reached skill level 1 in Axes
  1345 | D:2      | Reached skill level 1 in Maces & Flails
  1345 | D:2      | Reached skill level 1 in Staves
  1345 | D:2      | Reached skill level 1 in Ranged Weapons
  1345 | D:2      | Reached skill level 1 in Throwing
  1345 | D:2      | Reached skill level 1 in Armour
  1345 | D:2      | Reached skill level 1 in Stealth
  1345 | D:2      | Reached skill level 1 in Shields
  1345 | D:2      | Reached skill level 1 in Unarmed Combat
  1345 | D:2      | Reached skill level 1 in Evocations
  1968 | D:3      | Reached XP level 4. HP: 38/38 MP: 11/11
  2112 | D:3      | Found a glowing silver altar of Zin.
  2142 | D:3      | Noticed Robin
  2190 | D:3      | Reached skill level 1 in Hexes
  2190 | D:3      | Reached skill level 1 in Summonings
  2190 | D:3      | Reached skill level 1 in Necromancy
  2190 | D:3      | Reached skill level 1 in Translocations
  2190 | D:3      | Reached skill level 1 in Transmutations
  2190 | D:3      | Reached skill level 1 in Fire Magic
  2190 | D:3      | Reached skill level 1 in Ice Magic
  2190 | D:3      | Reached skill level 1 in Air Magic
  2190 | D:3      | Reached skill level 1 in Earth Magic
  2190 | D:3      | Reached skill level 1 in Poison Magic
  2199 | D:3      | Killed Robin
  2362 | D:3      | Noticed Ijyb
  2381 | D:3      | HP: 2/34 [disintegration (19)]
  2385 | D:3      | Slain by Ijyb

Illustrated notes

Levels and vault maps discovered:
D:1:      minmay_arrival_diagonal_passages, layout_loops_corners,
          kennysheep_crisscross
D:2:      layout_loops_corners, minmay_crystal_room, grunt_decor_cap
D:3:      layout_basic, zin_statuary, shapermc_ecumenical_altar_venn,
          corexii_shack, uniq_ijyb, uniq_robin

Skill      XL: |  1  2  3  4 |
---------------+-------------+-----
Spellcasting   | 5 |  5.1
Invocations    | 1 |  1.4
Short Blades   | 1 |  1.3
Long Blades    | 1 |  1.3
Axes           | 1 |  1.3
Maces & Flails | 1 |  1.3
Staves         | 1 |  1.3
Ranged Weapons | 1 |  1.3
Throwing       | 1 |  1.3
Armour         | 1 |  1.3
Stealth        | 1 |  1.3
Shields        | 1 |  1.3
Unarmed Combat | 1 |  1.3
Evocations     | 1 |  1.3
Hexes          | 1 |  1.0
Summonings     | 1 |  1.0
Necromancy     | 1 |  1.0
Translocations | 1 |  1.0
Transmutations | 1 |  1.0
Fire Magic     | 1 |  1.0
Ice Magic      | 1 |  1.0
Air Magic      | 1 |  1.0
Earth Magic    | 1 |  1.0
Poison Magic   | 1 |  1.0
Fighting       | |  4.7
Polearms       | |  6.6
Dodging        | |  4.7
Conjurations   | |  5.5

Action                   |  1- 3 |  4- 6 || total
-------------------------+-------+-------++-------
Melee: Spear             |   159 |    92 ||   251
       Bite              |    15 |     9 ||    24
       Punch             |     1 |     1 ||     2
  Use: Potion            |       |     4 ||     4
 Stab: Sleeping          |     2 |       ||     2
Armor: Leather armour    |    11 |       ||    11
       Scale mail        |       |    16 ||    16
Dodge: Dodged            |    63 |    23 ||    86

Table legend: (Time is in decaauts)
 A = Elapsed time spent in this place.
 B = Non-inter-level travel time spent in this place.
 C = Inter-level travel time spent in this place.
 D = Time resting spent in this place.
 E = Time spent auto-exploring this place.
 F = Levels seen in this place.
 G = Mean time per level.
                   A        B        C        D        E       F      G
               +--------+--------+--------+--------+--------+-----+--------+
         Total |   2328 |   2247 |     81 |     76 |   1777 |   3 |  776.0 |
       Dungeon |   2328 |   2247 |     81 |     76 |   1777 |   3 |  776.0 |
               +--------+--------+--------+--------+--------+-----+--------+

Top non-repeatable levels by time:
     D:1: 1018 daAuts
     D:2: 892 daAuts
     D:3: 417 daAuts
